 Dungeon Crawl Stone Soup version 0.28.0-53-g5a82cb258f (webtiles) character file.

Game seed: 2167608460899128598

821 MisterFreud the Carver (level 7, -5/55 HPs)
             Began as a Palentonga Fighter on June 21, 2022.
             Slain by a steam dragon (6 damage)
             ... on level 8 of the Dungeon.
             The game lasted 00:05:21 (4357 turns).

MisterFreud the Carver (Palentonga Fighter)         Turns: 4357, Time: 00:05:22

Health: -5/55      AC: 14    Str: 19 (21) XL:     7   Next: 63%
Magic:  7/7        EV:  7    Int:  6 (8)  God:
Gold:   147        SH:  4    Dex:  9 (10) Spells: 6/6 levels left

rFire   + . .      SeeInvis +   a - +1 long sword
rCold   + . .      Faith    .   c - +0 buckler
rNeg    . . .      Spirit   .   b - +0 scale mail
rPois   +          Reflect  .   h - +0 helmet
rElec   +          Harm     .   (no cloak)
rCorr   +          Rampage  .   (no gloves)
Will    .....                   (no barding)
Stlth   ..........              (no amulet)
HPRegen 0.18/turn               (no ring)
MPRegen 0.10/turn               (no ring)

@: mighty, brilliant, resistant, attractive, curled up
A: large, rugged brown scales 3, see invisible, deformed body, roll 1, armoured
tail, reflexive curl
a: Rolling Charge


You were on level 8 of the Dungeon.
You visited 1 branch of the dungeon, and saw 7 of its levels.

You collected 147 gold pieces.

Inventory:

Hand Weapons
 a - a +1 long sword (weapon)
Missiles
 e - a throwing net
 f - 2 javelins
Armour
 b - a +0 scale mail (worn)
 c - a +0 buckler (worn)
 h - a +0 helmet (worn)
 w - a scarf of harm
Wands
 n - a wand of flame (19)
 x - a wand of paralysis (7)
Scrolls
 g - 2 scrolls of identify
 j - a scroll of noise
 k - a scroll of blinking
 q - a scroll of immolation
 r - a scroll of enchant armour {unknown}
 s - a scroll of acquirement {unknown}
 u - a scroll of silence {unknown}
Potions
 i - 2 potions of lignification


   Skills:
 - Level 3.0 Fighting
 + Level 8.9 Long Blades
 - Level 2.4 Armour
 - Level 2.4 Shields


You had 6 spell levels left.
You didn't know any spells.
Your spell library contained the following spells:

 Spells                   Type           Power      Damage    Failure   Level
 Freeze                   Ice            0%         1d3       88%         1
 Frozen Ramparts          Ice            0%         1d2       99%         3
 Hailstorm                Conj/Ice       0%         3d3       100%        4


Dungeon Overview and Level Annotations

Branches:
Dungeon (6/15)
 Temple: D:4-7

Altars:
Cheibriados
Qazlal

Annotations:
D:4 Blork the orc
D:5 Duvessa


Innate Abilities, Weirdness & Mutations

You are completely covered in rugged brown scales. (AC +3, +7% HP)
You have supernaturally acute eyesight. (SInv)
Armour fits poorly on your strangely shaped body.
You can roll at nearby foes to attack.
You have a long armoured tail.
You curl defensively after being hit. (AC +7*)


Message History

The orc wizard is attracted toward you.
The orc warrior is attracted toward you.
It was a potion of degeneration.
There was something very wrong with that liquid.
You feel weakened.
You feel dopey.
You feel clumsy. The steam dragon bites you.
* * * LOW HITPOINT WARNING * * *
The steam dragon claws you but does no damage.
The orc wizard is attracted toward you.
It was a potion of heal wounds.
You feel much better. You block the steam dragon's attack.
The steam dragon claws you.
The orc warrior hits you with a +0 battleaxe!
* * * LOW HITPOINT WARNING * * *
The orc warrior throws a boomerang.
The boomerang hits you!
* * * LOW HITPOINT WARNING * * *
The steam dragon bites you but does no damage.
The steam dragon claws you but does no damage.
The orc warrior is attracted toward you.
The orc wizard is attracted toward you.
As you read the scroll labelled FIOK PASMEC, it crumbles to dust.
The creatures around you are filled with an inner flame!
It was a scroll of immolation.
You block the orc warrior's attack. The steam dragon closely misses you.
The steam dragon barely misses you.
Blink to where?
Press: ? - help, Dir - move target
As you read the scroll labelled OXZIAC MONE, it crumbles to dust.
It was a scroll of blinking.
The steam dragon is attracted toward you.
The orc warrior is attracted toward you.
As you read the scroll labelled AVEOVI VIOFE, it crumbles to dust.
It is a scroll of identify.
j - a scroll of noise The steam dragon is attracted toward you.
The orc warrior is attracted toward you.
The orc wizard is attracted toward you.
As you read the scroll labelled XIFO SOMYTZ, it crumbles to dust.
It is a scroll of enchant weapon.
Your +0 long sword glows red for a moment.
The steam dragon bites you.
You die...

#.)#.≈≈≈.# ###..#.....#.
#))#.≈≈§.#.##.§§..#...#..
#..#..≈..#.##......###...
#..##§..##.##.....#..#..#
#...#...#........#...###§
##..##.##..o§.......#.. .
#...#.#.o§........#...
#.......D............
##.....@............
#.........#####
#...#.#...# #..##.##..#
#..#... ..# #.##...##.#
#.#..≈.. .# #.#.≈≈≈.#.#
#.# ≈≈.#


You could see a steam dragon (inner flame), an orc warrior (inner flame) and an
orc wizard (inner flame, invisible).

Vanquished Creatures
  Sigmund (D:3)
  2 necrophages (D:5)
  A bullfrog (D:4)
  A wyvern zombie (D:8)
  A crimson imp (D:8)
  A jelly (D:5)
  A gnoll shaman (D:5)
  Jessica (D:3)
  An iguana (D:5)
  2 orc wizards
  A hound zombie (D:5)
  3 gnolls (D:5)
  4 adders
  An adder skeleton (D:4)
  A worm (D:2)
  5 dart slugs
  9 orcs
  2 endoplasms (D:1)
  2 giant cockroaches (D:2)
  5 goblins
  6 hobgoblins
  3 jackals (D:3)
  2 quokkas
  6 ball pythons
  6 bats
  5 frilled lizards
  4 kobolds
  4 rats
81 creatures vanquished.

Vanquished Creatures (others)
  3 orcs (D:8)
3 creatures vanquished.

Grand Total: 84 creatures vanquished

Notes
Turn   | Place    | Note
-------+----------+-------------------------------------------
     0 | D:1      | MisterFreud the Palentonga Fighter began the quest for the
                  | Orb.
     0 | D:1      | Reached XP level 1. HP: 19/19 MP: 1/1
   328 | D:1      | Reached XP level 2. HP: 25/25 MP: 2/2
   447 | D:1      | Reached skill level 3 in Long Blades
   858 | D:1      | Reached XP level 3. HP: 31/31 MP: 3/3
  1506 | D:2      | Reached skill level 4 in Long Blades
  1961 | D:3      | Noticed Jessica
  1967 | D:3      | Killed Jessica
  1968 | D:3      | Reached XP level 4. HP: 27/37 MP: 4/4
  2076 | D:3      | Found a snail-covered altar of Cheibriados.
  2636 | D:3      | Noticed Sigmund
  2652 | D:3      | Killed Sigmund
  2653 | D:3      | Reached skill level 6 in Long Blades
  2653 | D:3      | Reached XP level 5. HP: 31/43 MP: 5/5
  2939 | D:4      | Reached XP level 6. HP: 50/50 MP: 6/6
  3212 | D:4      | Noticed Blork the orc
  3237 | D:5      | Entered Level 5 of the Dungeon
  3387 | D:5      | Reached skill level 7 in Long Blades
  3442 | D:5      | Gained mutation: You curl defensively after being hit. (AC
                  | +7*) [Palentonga growth]
  3442 | D:5      | Reached XP level 7. HP: 13/55 MP: 7/7
  3701 | D:5      | Reached skill level 8 in Long Blades
  4041 | D:5      | Noticed Duvessa
  4072 | D:6      | Found a stormy altar of Qazlal.
  4072 | D:6      | You fall into a shaft and drop 2 floors!
  4329 | D:8      | Noticed a steam dragon
  4346 | D:8      | HP: 1/55 [orc warrior/boomerang (2)]
  4351 | D:8      | HP: 1/55 [steam dragon (1)]
  4357 | D:8      | Slain by a steam dragon

Illustrated notes

Levels and vault maps discovered:
D:1:      minmay_arrival_hallway, layout_basic
D:2:      layout_basic
D:3:      layout_loops_ring, cheibriados_altar_1, grunt_decor_arrowhead,
          uniq_sigmund, uniq_jessica
D:4:      minmay_recursive_quarters, layout_basic, minmay_misc_feat_enclosed,
          uniq_blork_the_orc
D:5:      layout_basic, regret_index_temple_of_mockery, tgw_kikubaaqudgha,
          uniq_edmund, uniq_duvessa
D:6:      layout_layer_cave, nicolae_qazlal_scattered_showers,
          minmay_temple_entry_tees
D:8:      layout_basic, minmay_splitting_lines, minmay_fire_ice_demons

Skill      XL: |  1  2  3  4  5  6  7 |
---------------+----------------------+-----
Long Blades    | 3 4 6 7 8 |  8.9
Fighting       | |  3.0
Armour         | |  2.4
Shields        | |  2.4

Action                   |  1- 3 |  4- 6 |  7- 9 || total
-------------------------+-------+-------+-------++-------
Melee: Long sword        |   118 |    74 |    53 ||   245
       Tailslap          |    12 |    11 |     7 ||    30
 Abil: Rolling Charge    |    19 |    10 |       ||    29
  Use: Potion            |       |     2 |     8 ||    10
       Scroll            |       |       |     4 ||     4
Armor: Scale mail        |    58 |    35 |    33 ||   126
       Skin              |       |     3 |       ||     3
Dodge: Dodged            |    41 |    20 |    30 ||    91
Block: Buckler           |    23 |    12 |    17 ||    52
